[Event "ICC Open 2015"]
[Site "Internet Chess Club"]
[Date "2015.05.29"]
[Round "11"]
[White "picopico"]
[Black "kobayashi"]
[Result "1/2-1/2"]
[ICCResult "Black ran out of time and White has no material to mate"]
[WhiteElo "1907"]
[BlackElo "1981"]
[Opening "Queen's Indian: 4.Nc3, main line"]
[ECO "E13"]
[NIC "NI.26"]
[Time "16:04:01"]
[TimeControl "180+0"]

1. d4 Nf6 2. c4 e6 3. Nc3 Bb4 4. Nf3 b6 5. Bg5 h6 6. Bh4 Bb7 7. Nd2 O-O 8.
f3 g5 9. Bf2 d5 10. e3 Nbd7 11. Bd3 Kg7 12. cxd5 exd5 13. O-O c5 14. e4 cxd4
15. Bxd4 Bc5 16. Bxc5 bxc5 17. exd5 Nxd5 18. Nxd5 Bxd5 19. f4 Nf6 20. fxg5
hxg5 21. Nf3 Ng4 22. Qd2 Bxf3 23. Rxf3 Qd4+ 24. Kh1 f6 25. Qc2 Rh8 26. h3
Ne5 27. Be4 Rad8 28. Rc3 g4 29. Kh2 gxh3 30. Rxh3 Rxh3+ 31. gxh3 Qe3 32.
Rg1+ Kf8 33. Rg2 Qf4+ 34. Kh1 Qe3 35. Qe2 Qxh3+ 36. Rh2 Qg4 37. Rh8+ Ke7 38.
Rh7+ Kd6 39. Qd2+ Ke6 40. Qxd8 Qxe4+ 41. Kh2 Qxh7+ 42. Kg3 Qd3+ 43. Kf2 Qxd8
44. Ke3 Qd3+ 45. Kf2 Qf3+ 46. Ke1 Qg2 47. Kd1 Nd3 48. b3 f5 49. b4 f4 50.
bxc5 f3 51. c6 f2 52. Kd2 f1=Q+ 53. Kc3 Qa1+ 54. Kc4 Qaxa2+ 55. Kd4 Qgc2 56.
Ke3 Qxc6 57. Kxd3 {Black ran out of time and White has no material to mate}
1/2-1/2

[Event "ICC Open 2015"]
[Site "Internet Chess Club"]
[Date "2015.05.29"]
[Round "11"]
[White "mementogambit"]
[Black "knightstar"]
[Result "0-1"]
[ICCResult "White forfeits on time"]
[WhiteElo "1563"]
[BlackElo "1812"]
[Opening "Robatsch defense: two knights variation"]
[ECO "B06"]
[NIC "KF.06"]
[Time "16:06:20"]
[TimeControl "180+0"]

1. e4 g6 2. Nf3 Bg7 3. Nc3 d6 4. d4 Bg4 5. Be2 Nc6 6. Be3 e5 7. d5 Nce7 8.
Qd2 a6 9. h3 Bd7 10. g4 f6 11. Rg1 b5 12. a3 Rb8 13. Na2 Nc8 14. Qa5 Nb6 15.
Nb4 Ne7 16. Nxa6 Ra8 17. Bxb5 O-O 18. O-O-O Qc8 19. Bxd7 Nxd7 20. Qxc7 Rxa6
21. Qxc8 Rxc8 22. Rd3 Nc5 23. Rc3 Nxe4 24. Rxc8+ Nxc8 25. g5 f5 26. Nd2 Nxd2
27. Bxd2 f4 28. h4 Ne7 29. Re1 Nf5 30. Re4 Nxh4 31. Bb4 Nf5 32. Rc4 Bf8 33.
Rc8 Kf7 34. c4 Ra7 35. b3 h6 36. a4 hxg5 {White forfeits on time} 0-1

[Event "ICC Open 2015"]
[Site "Internet Chess Club"]
[Date "2015.05.29"]
[Round "11"]
[White "NFork"]
[Black "ElFenomeno"]
[Result "0-1"]
[ICCResult "White resigns"]
[WhiteElo "2114"]
[BlackElo "1927"]
[Opening "Nimzovich-Larsen attack: Indian variation"]
[ECO "A01"]
[NIC "VO.08"]
[Time "16:07:46"]
[TimeControl "180+0"]

1. b3 Nf6 2. Bb2 e6 3. Nf3 Be7 4. e3 O-O 5. c4 c5 6. Be2 b6 7. O-O Bb7 8.
Nc3 d5 9. d4 Nbd7 10. cxd5 Nxd5 11. Nxd5 Bxd5 12. Rc1 Bf6 13. Qd2 Rc8 14.
Ba6 Rc7 15. dxc5 Bxf3 16. gxf3 Nxc5 17. Qxd8 Rxd8 18. Bxf6 gxf6 19. Bc4 a5
20. Rfd1 Rcd7 21. Rxd7 Rxd7 22. Rc2 Kf8 23. Kg2 Ke7 24. f4 Rd8 25. Be2 f5
26. Kf3 Ne4 27. Rb2 Rd2 28. Rxd2 Nxd2+ 29. Kg2 Nb1 30. Bc4 Nc3 31. a4 Ne4
32. Bd3 Nc5 33. Bc2 Kf6 34. f3 Ke7 35. e4 fxe4 {White resigns} 0-1

[Event "ICC Open 2015"]
[Site "Internet Chess Club"]
[Date "2015.05.29"]
[Round "11"]
[White "livis"]
[Black "chesswooog"]
[Result "0-1"]
[ICCResult "White forfeits on time"]
[WhiteElo "1940"]
[BlackElo "2116"]
[Opening "Sicilian: Smith-Morra gambit"]
[ECO "B21"]
[NIC "SI.48"]
[Time "16:08:43"]
[TimeControl "180+0"]

1. e4 c5 2. d4 cxd4 3. Bd3 d5 4. e5 Nc6 5. f4 e6 6. Nf3 Bb4+ 7. Nbd2 Nh6 8.
O-O Ng4 9. Qe2 Ne3 10. Re1 Bc5 11. a3 a5 12. Nf1 Bd7 13. Nxe3 dxe3 14. Bxe3
Qb6 15. Bxc5 Qxc5+ 16. Kh1 h6 17. Rf1 O-O 18. Rad1 Rac8 19. c3 a4 20. Bb1
Na5 21. Qc2 g6 22. h4 Nc4 23. h5 Ne3 24. Qd3 Bb5 25. Qd2 Nxf1 26. Rxf1 Bxf1
27. hxg6 fxg6 28. Qc2 Rf5 29. g4 Qe3 30. Nh2 Bd3 31. Qxd3 Qxd3 32. Bxd3 Rxf4
33. Bxg6 d4 34. cxd4 Rxd4 35. Kg2 Rd2+ 36. Kg3 Rxb2 37. Nf3 Rc3 38. Kf4
Rxf3+ 39. Kxf3 Rb3+ 40. Kf4 Rxa3 41. g5 hxg5+ 42. Kxg5 Kg7 43. Be4 Re3 44.
Bxb7 Rxe5+ {White forfeits on time} 0-1

[Event "ICC Open 2015"]
[Site "Internet Chess Club"]
[Date "2015.05.29"]
[Round "11"]
[White "RJoseph12"]
[Black "Torek9M"]
[Result "1-0"]
[ICCResult "Black forfeits on time"]
[WhiteElo "1249"]
[BlackElo "1154"]
[Opening "Van't Kruijs opening"]
[ECO "A00"]
[Time "16:09:57"]
[TimeControl "180+0"]

1. e3 e5 2. d4 exd4 3. exd4 h6 4. Qe2+ Be7 5. Nc3 c6 6. Bf4 Nf6 7. Qd2 O-O
8. Nf3 d6 9. Bd3 Nbd7 10. O-O b6 11. h3 Bb7 12. Rfe1 d5 13. Qe2 Re8 14. Qd2
c5 15. Ne2 c4 16. Bf5 a5 17. c3 Nf8 18. Ne5 Nh5 19. Bg3 Nxg3 20. Nxg3 Bg5
21. Qc2 Qf6 22. Nd7 Nxd7 23. Bxd7 Rxe1+ 24. Rxe1 Rd8 25. Ba4 Bf4 26. Re8+
Rxe8 27. Bxe8 Qe7 28. Ba4 Bxg3 29. fxg3 {Black forfeits on time} 1-0